 Dungeon Crawl Stone Soup version 0.31.0-11-ge490571c62 (webtiles) character file.

Game seed: 2570513931164902071

3600 SnakkuSnakku7 the Mimic (level 10, -3/63 (69) HPs)
             Began as a Merfolk Air Elementalist on Jan 31, 2024.
             Was a Follower of Ru.
             Slain by a two-headed ogre
             ... wielding a +0 giant spiked club
              (14 damage)
             ... on level 8 of the Dungeon.
             The game lasted 00:17:05 (9033 turns).

SnakkuSnakku7 the Mimic (Merfolk Air Elementalist)  Turns: 9033, Time: 00:17:06

HP:   -3/63 (69)    AC: 14    Str: 12    XL:     10   Next: 10%
MP:   13/13         EV: 12    Int: 15    God:    Ru [*.....]
Gold: 427           SH:  0    Dex: 15    Spells: 12/13 levels left

rFire   + .          .
                       - Unarmed
rCold   . . .        (no shield)
rNeg    . . .        h - +3 leather armour {rF+}
rPois   .            j - +2 helmet
rElec   .            f - +0 cloak
rCorr   .            (no gloves)
SInv    .            (no boots)
Will    .....        e - amulet of regeneration
Stlth   ++           m - ring of wizardry
HPRegen 1.10/turn    r - +4 ring of protection
MPRegen 0.13/turn

%: wizardry (x1)
@: about to teleport, drained
A: no earth magic, no alchemy magic, no summoning magic, (nimble swimmer 2),
mertail
a: Renounce Religion


You were on level 8 of the Dungeon.
You worshipped Ru.
Ru was aware of your devotion.
You visited 2 branches of the dungeon, and saw 9 of its levels.

You collected 427 gold pieces.

Inventory:

Missiles
 g - 11 poisoned darts (quivered)
 x - a curare-tipped dart
Armour
 a - a +0 robe
 f - a +0 cloak (worn)
 h - a +3 leather armour of fire resistance (worn)
 j - a +2 helmet (worn)
 k - a +0 ring mail
Jewellery
 e - an amulet of regeneration (around neck)
 m - a ring of wizardry (left hand)
 r - a +4 ring of protection (right hand)
Talismans
 l - a storm talisman
Scrolls
 i - 2 scrolls of poison {unknown}
 o - a scroll of amnesia
 p - 4 scrolls of teleportation
 q - a scroll of acquirement {unknown}
 s - a scroll of blinking {unknown}
 t - a scroll of enchant weapon {unknown}
 z - a scroll of brand weapon {unknown}
Potions
 b - a potion of magic
 c - a potion of mutation
 d - 3 potions of attraction
 n - a potion of might {unknown}
 u - 2 potions of curing
 v - a potion of berserk rage {unknown}
 w - a potion of ambrosia


   Skills:
 - Level 2.8 Fighting
 - Level 2.6 Dodging
 - Level 2.1 Stealth
 - Level 10.0 Unarmed Combat
 - Level 2.0 Spellcasting
 - Level 0.7 Conjurations
 - Level 2.4 Air Magic
 + Level 12.3 Shapeshifting


You had 12 spell levels left.
You knew the following spells:

 Your Spells              Type           Power      Damage    Failure   Level
a - Shock                 Conj/Air       24%        1d4       6%          1

Your spell library contained the following spells:

 Spells                   Type           Power      Damage    Failure   Level
 Static Discharge         Conj/Air       12%        3-4/arc   9%          2
 Swiftness                Air            8%         N/A       13%         3
 Hailstorm                Conj/Ice       2%         3d5       28%         3
 Airstrike                Air            4%         2d(1-17)  38%         4
 Stone Arrow              Conj/Erth      Unusable   3d7       N/A         3
 Summon Ice Beast         Ice/Summ       Unusable   N/A       N/A         3
 Animate Armour           Summ/Erth      Unusable   N/A       N/A         4
 Sculpt Simulacrum        Ice/Alch       Unusable   N/A       N/A         6
 Lehudib's Crystal Spear  Conj/Erth      Unusable   10d2      N/A         8

Dungeon Overview and Level Annotations

Branches:
Dungeon (8/15)             Temple (1/1) D:5
   Lair: D:8-11

Altars:
Ashenzari
Cheibriados
Dithmenos
Elyvilon
Fedhas
Gozag
Hepliaklqana
Kikubaaqudgha
Makhleb
Nemelex Xobeh
Okawaru
Qazlal
Ru
Sif Muna
Trog
Uskayaw
Vehumet
Wu Jian
Xom
Yredelemnul
Zin

Shops:
D:3 :

Annotations:
D:7 1 runed translucent door, Buffagor's ghost, novice NaSh


Innate Abilities, Weirdness & Mutations

You cannot study or cast Earth magic.
You cannot study or cast Alchemy magic.
You cannot study or cast Summoning magic.
((You are very nimble when in or above water. (Stealth+, EV+, Speed+++)))
Your lower body shifts to a powerful aquatic tail in water.


Message History

Press: ? - help, Q - select action, (/) - cycle Shift-Dir - straight line, f/p - two-headed ogre
Aim: a two-headed ogre, wielding a +0 giant spiked club and a +0 giant club (poisoned, 72% to hit)
You throw a poisoned dart.
The poisoned dart hits the two-headed ogre.
Throw: 13 darts (poison)
Press: ? - help, Q - select action, (/) - cycle Shift-Dir - straight line, f/p - two-headed ogre
Aim: a two-headed ogre, wielding a +0 giant spiked club and a +0 giant club (poisoned, 72% to hit)
You throw a poisoned dart.
The poisoned dart barely misses the two-headed ogre.
Throw: 12 darts (poison)
Press: ? - help, Q - select action, (/) - cycle Shift-Dir - straight line, f/p - two-headed ogre
Aim: a two-headed ogre, wielding a +0 giant spiked club and a +0 giant club (lightly wounded, poisoned, 72% to hit)
You throw a poisoned dart.
The poisoned dart hits the two-headed ogre.
The two-headed ogre is lightly wounded.
Okay, then.
You punch the two-headed ogre!
The two-headed ogre is moderately wounded.
You barely miss the two-headed ogre.
The two-headed ogre is moderately wounded.
The two-headed ogre hits you with a +0 giant spiked club!!
The two-headed ogre misses you.
You hit the two-headed ogre.
The two-headed ogre is moderately wounded.
The two-headed ogre looks more healthy.
You hit the two-headed ogre.
The two-headed ogre is heavily wounded.
The two-headed ogre barely misses you.
The two-headed ogre completely misses you.
You hit the two-headed ogre.
The two-headed ogre is heavily wounded.
The two-headed ogre hits you with a +0 giant spiked club!!
The two-headed ogre closely misses you.
As you read the scroll of teleportation, it crumbles to dust.
You feel strangely unstable.
The two-headed ogre attacks as it pursues you!
The two-headed ogre hits you with a +0 giant spiked club!
* * * LOW HITPOINT WARNING * * *
The two-headed ogre hits you with a +0 giant club!
You die...

########## #........#
#############........#
)))))................#####
#############............########
#.........##.>.?.....
#........>#####..<... #...@.....#
#...... #####O...## #......
###############..### #......
##....)...........# ####......
#..>########.#.(.## #.##......
###..## #..#...######..###.###
##..# ###...(.....##.......##.
##.# #....((.............###.
###.###.#.##(.##....#.##..###.


You could see a two-headed ogre.

Vanquished Creatures
  Grinder (D:4)
  Sigmund (D:2)
  Eustachio (Temple)
  3 vampire mosquitoes (D:8)
  Edmund (D:5)
  2 water moccasins
  An orc warrior (D:5)
  2 black bears
  3 ogres
  2 phantoms (D:5)
  A centaur (D:5)
  2 kobold brigands
  Blork the orc (D:4)
  A bullfrog (D:6)
  3 scorpions
  4 wights
  A crimson imp (D:4)
  4 orc priests (D:6)
  A bombardier beetle (D:4)
  A gnoll bouda (D:5)
  2 hounds
  3 jellies
  4 iguanas
  Ijyb (D:5)
  4 orc wizards
  Robin (D:1)
  10 gnolls
  6 adders
  A shadow imp (D:6)
  3 white imps
  4 ufetubi
  4 dart slugs
  2 ribbon worms
  25 orcs
  6 endoplasms
  A giant cockroach (D:3)
  6 goblins
  7 hobgoblins
  3 jackals (D:4)
  8 quokkas
  8 ball pythons
  4 bats
  3 frilled lizards
  9 kobolds
  9 rats
170 creatures vanquished.

Vanquished Creatures (others)
  A vampire mosquito (D:8)
  An orc (D:8)
2 creatures vanquished.

Grand Total: 172 creatures vanquished

Notes
Turn   | Place    | Note
-------+----------+-------------------------------------------
     0 | D:1      | SnakkuSnakku7 the Merfolk Air Elementalist began the quest
                  | for the Orb.
     0 | D:1      | Reached XP level 1. HP: 13/13 MP: 3/3
    76 | D:1      | Reached skill level 1 in Fighting
    76 | D:1      | Reached skill level 1 in Unarmed Combat
    91 | D:1      | Reached XP level 2. HP: 9/21 MP: 0/5
   565 | D:1      | Reached XP level 3. HP: 11/27 MP: 6/6
  1018 | D:2      | Noticed Robin
  1057 | D:1      | Killed Robin
  1246 | D:2      | Reached XP level 4. HP: 34/34 MP: 7/7
  1455 | D:2      | Found a hide-covered altar of Uskayaw.
  1605 | D:2      | Noticed Sigmund
  2374 | D:3      | Reached skill level 1 in Shapeshifting
  2454 | D:3      | Found Xaukh's Book Shop.
  3071 | D:4      | Noticed Blork the orc
  3160 | D:4      | Noticed Grinder
  3310 | D:3      | Reached XP level 5. HP: 18/40 MP: 8/8
  3435 | D:4      | Reached skill level 2 in Shapeshifting
  3581 | D:4      | Reached skill level 3 in Shapeshifting
  3696 | D:4      | Reached XP level 6. HP: 46/46 MP: 9/9
  3983 | D:4      | Paralysed by Grinder for 5 turns
  4025 | D:4      | Paralysed by Grinder for 5 turns
  4185 | D:4      | Paralysed by Grinder for 5 turns
  4214 | D:4      | Killed Grinder
  4215 | D:4      | Reached skill level 5 in Unarmed Combat
  4215 | D:4      | Reached skill level 4 in Shapeshifting
  4215 | D:4      | Reached XP level 7. HP: 31/51 MP: 10/10
  4230 | D:4      | Killed Blork the orc
  4231 | D:4      | Reached skill level 5 in Shapeshifting
  4605 | D:5      | Entered Level 5 of the Dungeon
  4658 | D:5      | Found a staircase to the Ecumenical Temple.
  4686 | Temple   | Entered the Ecumenical Temple
  4699 | Temple   | Became a worshipper of Ru the Awakened
  4881 | D:5      | Noticed Edmund
  5011 | D:5      | Noticed Ijyb
  5012 | D:5      | Paralysed by Ijyb for 4 turns
  5020 | D:5      | Paralysed by Ijyb for 2 turns
  5030 | D:5      | Paralysed by Ijyb for 5 turns
  5042 | D:5      | Paralysed by Ijyb for 5 turns
  5051 | D:5      | Paralysed by Ijyb for 2 turns
  5057 | D:5      | Paralysed by Ijyb for 2 turns
  5063 | D:5      | Killed Ijyb
  5064 | D:5      | Reached skill level 6 in Shapeshifting
  5149 | D:5      | Noticed Eustachio
  5356 | D:5      | Reached XP level 8. HP: 53/57 MP: 11/11
  5469 | D:5      | Killed Edmund
  5623 | D:5      | Reached skill level 7 in Shapeshifting
  5782 | D:5      | Identified the +2 leather armour of the Thistle {^Contam
                  | Int+3}
  6167 | D:5      | Reached skill level 8 in Shapeshifting
  6375 | Temple   | Killed Eustachio
  6435 | D:6      | Found a white marble altar of Elyvilon.
  6597 | D:6      | Reached XP level 9. HP: 53/62 MP: 12/12
  6686 | D:6      | HP: 3/62 [ogre/+0 giant club (20)]
  6698 | D:6      | Reached skill level 9 in Shapeshifting
  7070 | D:2      | Killed Sigmund
  7326 | D:6      | Gained mutation: You cannot study or cast Earth magic. [Ru
                  | sacrifice]
  7326 | D:6      | Gained mutation: You cannot study or cast Alchemy magic.
                  | [Ru sacrifice]
  7326 | D:6      | Gained mutation: You cannot study or cast Summoning magic.
                  | [Ru sacrifice]
  7326 | D:6      | Reached * piety under Ru
  7937 | D:7      | Found a shimmering altar of Xom.
  7937 | D:7      | Noticed Buffagor's ghost (novice NaSh)
  7937 | D:7      | Noticed a +1 quarterstaff of chaos
  7939 | D:7      | Found a runed translucent door.
  8066 | D:7      | Reached skill level 10 in Shapeshifting
  8594 | D:8      | Reached skill level 10 in Unarmed Combat
  8717 | D:8      | Reached skill level 11 in Shapeshifting
  8781 | D:8      | Reached XP level 10. HP: 63/69 MP: 13/13
  8796 | D:8      | Reached skill level 12 in Shapeshifting
  8859 | D:8      | Noticed a two-headed ogre
  9033 | D:8      | Slain by a two-headed ogre

Illustrated notes

Levels and vault maps discovered:
D:1:      dpeg_arrival_connections, layout_loops_cross
D:2:      wad_woods_tower, layout_basic, basic_altar, uniq_robin, uniq_sigmund
D:3:      layout_basic, serial_shops, nicolae_shop_tiny_statue_garden,
          minmay_quantized
D:4:      layout_gridville, minmay_fire_ice_demons, uniq_grinder,
          uniq_blork_the_orc
D:5:      layout_cave_pods, minmay_temple_entry_grid, uniq_edmund, uniq_ijyb,
          uniq_eustachio
D:6:      layout_rooms, mainiacjoe_overflow_six_doors_small
D:7:      layout_loops_ring, ebering_ghost_xom, eino_curves_02
D:8:      layout_rooms
Temple:   hellmonk_temple_of_storms

Skill      XL: |  1  2  3  4  5  6  7  8  9 10 |
---------------+-------------------------------+-----
Fighting       | 1 2 |  2.8
Unarmed Combat | 1 2 3 4 5 6 8 10 | 10.0
Shapeshifting  | 1 3 4 6 8 11 12 | 12.3
Dodging        | |  2.6
Stealth        | |  2.1
Spellcasting   | |  2.0
Conjurations   | |  0.7
Air Magic      | |  2.4

Action                     |  1- 3 |  4- 6 |  7- 9 | 10-12 || total
---------------------------+-------+-------+-------+-------++-------
  Melee: Unarmed           |   166 |   295 |   559 |    50 ||  1070
         Punch             |     2 |     2 |    41 |     2 ||    47
         Tailslap          |       |     7 |     1 |       ||     8
  Throw: Dart              |       |     9 |    36 |     5 ||    50
         Throwing net      |       |       |     1 |       ||     1
   Cast: Shock             |    15 |     1 |       |       ||    16
 Invoke: Sacrifice Arcana  |       |       |     1 |       ||     1
  Evoke: Wand              |       |       |     4 |       ||     4
    Use: Scroll            |       |     7 |     9 |     2 ||    18
         Potion            |       |     2 |     6 |       ||     8
   Stab: Sleeping          |     3 |     4 |     2 |       ||     9
         Held in net/web   |       |       |     2 |       ||     2
         Distracted        |       |       |     1 |       ||     1
 Armour: Robe              |    73 |       |       |       ||    73
         Ring mail         |     9 |   177 |   245 |       ||   431
         Leather armour    |       |       |   198 |    28 ||   226
         Skin              |       |       |     5 |       ||     5
  Dodge: Dodged            |   100 |   156 |   328 |    24 ||   608
